PIO (24 & UNDER)
SEATTLE RAINIERS @ CHULA VISTA TACOS
08/28/2028
 
TOP OF THE 1ST
Seattle Rainiers batting - Pitching for Chula Vista Tacos : RHP Tony Fullerton
Pitching: RHP Tony Fullerton
Batting: RHB Juan Bruno 0-0: Called Strike
0-1: Called Strike
0-2: Foul Ball, location: 2F
0-2: Ball
1-2: Ball
2-2: Foul Ball, location: 2F
2-2: Ball
3-2: Strikes out swinging
Batting: SHB Troy Holland 0-0: SINGLE (Line Drive, 56D)
Batting: RHB Jesús Ortíz 0-0: Fly out, F4 (Popup, 4)
Batting: RHB Steve Smith 0-0: Called Strike
Troy Holland steals 2nd base
0-1: Ball
1-1: Ball
2-1: Called Strike
2-2: Strikes out swinging
Top of the 1st over - 0 run(s), 1 hit(s), 0 error(s), 1 left on base; Seattle 0 - Chula Vista 0
BOTTOM OF THE 1ST
Chula Vista Tacos batting - Pitching for Seattle Rainiers : RHP Wes Meeks
Pitching: RHP Wes Meeks
Batting: RHB Matt O'Rourke 0-0: SINGLE (Line Drive, 6MD)
Batting: RHB Juan García 0-0: Ball
1-0: Foul Ball, location: 2F
1-1: Hit by Pitch
Matt O'Rourke to second
Batting: LHB Nick Hill 0-0: Grounds out, U3 (Groundball, 3L)
Matt O'Rourke to third
Batting: LHB Jean Beauchemin 0-0: SINGLE (Groundball, 6S) (infield hit)
Matt O'Rourke scores
Juan García to third
Batting: LHB Roderick Delgado 0-0: Ball
1-0: Ball
2-0: Foul Ball, location: 2F
2-1: Ball
3-1: Base on Balls
Jean Beauchemin to second
Batting: RHB Preston Wooten 0-0: Ball
1-0: Ball
2-0: SINGLE (Line Drive, 6D)
Juan García scores
Jean Beauchemin to third
Roderick Delgado to second
Runner from 3rd tries for Home, SAFE, throw made home
Roderick Delgado to third
Preston Wooten to second
Batting: RHB Lee Scott 0-0: Swinging Strike
0-1: Ball
1-1: Foul Ball, location: 2F
1-2: Fly out, F7 (Flyball, 78S)
Batting: LHB Joe Lowery 0-0: Ball
1-0: Ball
2-0: Ground out 3-1 (Groundball, 34)
Bottom of the 1st over - 3 run(s), 3 hit(s), 0 error(s), 2 left on base; Seattle 0 - Chula Vista 3
TOP OF THE 2ND
Seattle Rainiers batting - Pitching for Chula Vista Tacos : RHP Tony Fullerton
Batting: LHB Duane Lemay 0-0: Ball
1-0: Fly out, F9 (Flyball, 89D)
Batting: LHB Darren Cook 0-0: Called Strike
0-1: Foul Ball, location: 2F
0-2: Ball
1-2: Strikes out looking
Batting: RHB John Eaves 0-0: Ball
1-0: Called Strike
1-1: Foul Ball, location: 2F
1-2: Strikes out looking
Top of the 2nd over - 0 run(s), 0 hit(s), 0 error(s), 0 left on base; Seattle 0 - Chula Vista 3
BOTTOM OF THE 2ND
Chula Vista Tacos batting - Pitching for Seattle Rainiers : RHP Wes Meeks
Batting: RHB Domynguos Tabucchi 0-0: Ball
1-0: Foul Ball, location: 2F
1-1: Ball
2-1: Ground out 5-3 (Groundball, 5)
Batting: RHB Matt O'Rourke 0-0: Ball
1-0: Fly out, F7 (Line Drive, 78M)
Batting: RHB Juan García 0-0: Ball
1-0: Called Strike
1-1: Ball
2-1: Ball
3-1: Called Strike
3-2: Base on Balls
Batting: LHB Nick Hill 0-0: Ball
1-0: Ball
2-0: Ball
3-0: Base on Balls
Juan García to second
Batting: LHB Jean Beauchemin 0-0: Ball
1-0: Ball
2-0: Foul Ball, location: 2F
2-1: 3-RUN HOME RUN (Flyball, 89XD), Distance : 419 ft
Batting: LHB Roderick Delgado 0-0: Ball
1-0: Swinging Strike
1-1: Ball
2-1: SINGLE (Groundball, 6MD)
Batting: RHB Preston Wooten 0-0: Ground out 5-3 (Groundball, 5S)
Bottom of the 2nd over - 3 run(s), 2 hit(s), 0 error(s), 1 left on base; Seattle 0 - Chula Vista 6
TOP OF THE 3RD
Seattle Rainiers batting - Pitching for Chula Vista Tacos : RHP Tony Fullerton
Batting: RHB Roberto Valentín 0-0: Ball
1-0: Ball
2-0: Ball
3-0: Called Strike
3-1: Ground out 5-3 (Groundball, 56)
Batting: SHB Dwight Hill 0-0: Called Strike
0-1: Ball
1-1: SINGLE (Line Drive, 34D)
Batting: RHB Juan Bruno 0-0: Called Strike
0-1: Ball
1-1: Ball
2-1: Swinging Strike
2-2: Strikes out swinging
Batting: SHB Troy Holland 0-0: Called Strike
Dwight Hill steals 2nd base
0-1: Ground out 4-3 (Groundball, 4M)
Top of the 3rd over - 0 run(s), 1 hit(s), 0 error(s), 1 left on base; Seattle 0 - Chula Vista 6
BOTTOM OF THE 3RD
Chula Vista Tacos batting - Pitching for Seattle Rainiers : RHP Wes Meeks
Batting: RHB Lee Scott 0-0: Foul Ball, location: 2F
0-1: Called Strike
0-2: Fly out, F9 (Line Drive, 9)
Batting: LHB Joe Lowery 0-0: Ball
1-0: Ball
2-0: Called Strike
2-1: Foul Ball, location: 2F
2-2: Strikes out swinging
Batting: RHB Domynguos Tabucchi 0-0: Called Strike
0-1: Ball
1-1: Reached on error, E5 (Groundball, 56)
Pitching: RHP Les Johnston
Batting: RHB Matt O'Rourke 0-0: Ball
1-0: Ball
2-0: Ball
3-0: Called Strike
3-1: Foul Ball, location: 2F
3-2: Strikes out looking
Bottom of the 3rd over - 0 run(s), 0 hit(s), 1 error(s), 1 left on base; Seattle 0 - Chula Vista 6
TOP OF THE 4TH
Seattle Rainiers batting - Pitching for Chula Vista Tacos : RHP Tony Fullerton
Batting: RHB Jesús Ortíz 0-0: Fly out, F8 (Flyball, 8RXD)
Batting: RHB Steve Smith 0-0: Ball
1-0: Fly out, F6 (Popup, 6D)
Batting: LHB Duane Lemay 0-0: Foul Ball, location: 2F
0-1: Ball
1-1: Ball
2-1: Foul Ball, location: 2F
2-2: Ball
3-2: Strikes out swinging
Top of the 4th over - 0 run(s), 0 hit(s), 0 error(s), 0 left on base; Seattle 0 - Chula Vista 6
BOTTOM OF THE 4TH
Chula Vista Tacos batting - Pitching for Seattle Rainiers : RHP Les Johnston
Batting: RHB Juan García 0-0: Ball
1-0: Ball
2-0: Called Strike
2-1: Foul Ball, location: 2F
2-2: Foul Ball, location: 2F
2-2: Strikes out swinging, 2-3 out at first.
Batting: LHB Nick Hill 0-0: Ball
1-0: Swinging Strike
1-1: Foul Ball, location: 2F
1-2: Foul Ball, location: 2F
1-2: Strikes out looking
Batting: LHB Jean Beauchemin 0-0: Called Strike
0-1: Foul Ball, location: 2F
0-2: Strikes out swinging
Bottom of the 4th over - 0 run(s), 0 hit(s), 0 error(s), 0 left on base; Seattle 0 - Chula Vista 6
TOP OF THE 5TH
Seattle Rainiers batting - Pitching for Chula Vista Tacos : RHP Tony Fullerton
Batting: LHB Darren Cook 0-0: Foul Ball, location: 2F
0-1: Ball
1-1: Ground out U3 (Groundball, 34)
Batting: RHB John Eaves 0-0: Called Strike
0-1: Called Strike
0-2: Ball
1-2: Foul Ball, location: 2F
1-2: Ball
2-2: SINGLE (Groundball, 34D)
Batting: RHB Roberto Valentín 0-0: Called Strike
0-1: Swinging Strike
0-2: Strikes out swinging
Batting: SHB Dwight Hill 0-0: Fly out, F8 (Flyball, 8LM)
Top of the 5th over - 0 run(s), 1 hit(s), 0 error(s), 1 left on base; Seattle 0 - Chula Vista 6
BOTTOM OF THE 5TH
Chula Vista Tacos batting - Pitching for Seattle Rainiers : RHP Les Johnston
Batting: LHB Roderick Delgado 0-0: Ball
1-0: Foul Ball, location: 2F
1-1: Ball
2-1: Ball
3-1: Called Strike
3-2: Foul Ball, location: 2F
3-2: Base on Balls
Batting: RHB Preston Wooten 0-0: Ball
1-0: Foul Ball, location: 2F
1-1: Ball
2-1: Called Strike
2-2: Foul Ball, location: 2F
2-2: Ball
3-2: Foul Ball, location: 2F
3-2: Base on Balls
Roderick Delgado to second
Batting: RHB Lee Scott 0-0: Called Strike
0-1: Ball
1-1: Foul Ball, location: 2F
1-2: Strikes out swinging
Batting: LHB Joe Lowery 0-0: Grounds into double play, 4-6-3 (Groundball, 34)
Bottom of the 5th over - 0 run(s), 0 hit(s), 0 error(s), 1 left on base; Seattle 0 - Chula Vista 6
TOP OF THE 6TH
Seattle Rainiers batting - Pitching for Chula Vista Tacos : RHP Tony Fullerton
Batting: RHB Juan Bruno 0-0: Called Strike
0-1: Ball
1-1: Swinging Strike
1-2: Strikes out swinging
Batting: SHB Troy Holland 0-0: Foul Ball, location: 2F
0-1: Fly out, F9 (Flyball, 89M)
Batting: RHB Jesús Ortíz 0-0: Fly out, F2 (Popup, 3S)
Top of the 6th over - 0 run(s), 0 hit(s), 0 error(s), 0 left on base; Seattle 0 - Chula Vista 6
BOTTOM OF THE 6TH
Chula Vista Tacos batting - Pitching for Seattle Rainiers : RHP Les Johnston
Batting: RHB Domynguos Tabucchi 0-0: Ball
1-0: Ball
2-0: Ball
3-0: Base on Balls
Batting: RHB Matt O'Rourke 0-0: Called Strike
0-1: Ball
1-1: DOUBLE (Groundball, 5L)
Domynguos Tabucchi to third
Batting: RHB Juan García 0-0: Ball
1-0: Ball
2-0: Ball
3-0: Called Strike
3-1: SINGLE (Groundball, 4MD)
Domynguos Tabucchi scores
Matt O'Rourke to third
Runner from 3rd tries for Home, SAFE, no throw
Batting: LHB Nick Hill 0-0: Ball
1-0: Ball
2-0: Called Strike
2-1: SINGLE (Line Drive, 7LM)
Juan García to second
Pitching: RHP José Rivera
Batting: LHB Jean Beauchemin 0-0: Ball
1-0: SINGLE (Flyball, 8LS)
Juan García to third
Nick Hill to second
Runner from 3rd tries for Home, SAFE, throw made home
Nick Hill to third
Jean Beauchemin to second
Batting: LHB Roderick Delgado 0-0: Fly out, F4 (Popup, 4D)
Batting: RHB Preston Wooten 0-0: Foul Ball, location: 2F
0-1: Swinging Strike
0-2: Strikes out swinging
Batting: RHB Lee Scott 0-0: Ball
1-0: Fly out, F9 (Flyball, 9LS)
Bottom of the 6th over - 3 run(s), 4 hit(s), 0 error(s), 2 left on base; Seattle 0 - Chula Vista 9
TOP OF THE 7TH
Seattle Rainiers batting - Pitching for Chula Vista Tacos : RHP Tony Fullerton
Batting: RHB Steve Smith 0-0: Ball
1-0: Foul Ball, location: 2F
1-1: Ball
2-1: Fly out, F7 (Flyball, 7)
Batting: LHB Duane Lemay 0-0: Ball
1-0: Ball
2-0: Called Strike
2-1: Foul Ball, location: 2F
2-2: Foul Ball, location: 2F
2-2: Ball
3-2: Base on Balls
Batting: LHB Darren Cook 0-0: SINGLE (Groundball, 4MD)
Duane Lemay to second
Runner from 2nd tries for 3rd, SAFE, throw made to third
Batting: RHB John Eaves 0-0: SINGLE (Groundball, 34D)
Duane Lemay scores
Darren Cook to second
Runner from 2nd tries for 3rd, SAFE, throw made to third
John Eaves to second
Batting: RHB Roberto Valentín 0-0: Ball
1-0: Foul Ball, location: 2F
1-1: Ball
2-1: Foul Ball, location: 2F
2-2: Ball
3-2: Foul Ball, location: 2F
3-2: Base on Balls
Pitching: RHP Manuel Hernández
Batting: SHB Dwight Hill 0-0: Fly out, F8 (Flyball, 8RM)
Runner from 3rd tags up, SCORES, no throw
Batting: RHB Juan Bruno 0-0: Called Strike
0-1: Ball
1-1: Foul Ball, location: 2F
1-2: Ball
2-2: Strikes out swinging
Top of the 7th over - 2 run(s), 2 hit(s), 0 error(s), 2 left on base; Seattle 2 - Chula Vista 9
BOTTOM OF THE 7TH
Chula Vista Tacos batting - Pitching for Seattle Rainiers : RHP José Rivera
Batting: LHB Joe Lowery 0-0: Called Strike
0-1: Ball
1-1: Foul Ball, location: 2F
1-2: Strikes out looking
Batting: RHB Domynguos Tabucchi 0-0: Called Strike
0-1: Ball
1-1: Ball
2-1: Foul Ball, location: 2F
2-2: SINGLE (Groundball, 56S) (infield hit)
Batting: RHB Matt O'Rourke 0-0: Ball
1-0: Foul Ball, location: 2F
1-1: Swinging Strike
1-2: Strikes out swinging
Batting: RHB Juan García Pickoff Throw to First - Out!
Bottom of the 7th over - 0 run(s), 1 hit(s), 0 error(s), 0 left on base; Seattle 2 - Chula Vista 9
TOP OF THE 8TH
Seattle Rainiers batting - Pitching for Chula Vista Tacos : RHP Manuel Hernández
Batting: SHB Troy Holland 0-0: Ball
1-0: Ball
2-0: Ball
3-0: Called Strike
3-1: Foul Ball, location: 2F
3-2: Foul Ball, location: 2F
3-2: Strikes out swinging
Batting: RHB Jesús Ortíz 0-0: Called Strike
0-1: Swinging Strike
0-2: Foul Ball, location: 2F
0-2: Strikes out looking
Batting: RHB Steve Smith 0-0: Called Strike
0-1: Called Strike
0-2: Strikes out looking
Top of the 8th over - 0 run(s), 0 hit(s), 0 error(s), 0 left on base; Seattle 2 - Chula Vista 9
BOTTOM OF THE 8TH
Chula Vista Tacos batting - Pitching for Seattle Rainiers : RHP José Rivera
Batting: RHB Juan García 0-0: Ball
1-0: Ball
2-0: Ball
3-0: Called Strike
3-1: Swinging Strike
3-2: Base on Balls
Batting: LHB Nick Hill 0-0: Ball
1-0: Ball
2-0: Ball
3-0: Base on Balls
Juan García to second
Batting: LHB Jean Beauchemin 0-0: Ball
1-0: Foul Ball, location: 2F
1-1: Ball
2-1: Grounds into double play, 3-6-3 (Groundball, 34)
Juan García to third
Batting: LHB Roderick Delgado 0-0: Ball
1-0: Foul Ball, location: 2F
1-1: Foul Ball, location: 2F
1-2: SINGLE (Groundball, 6D)
Juan García scores
Batting: RHB Preston Wooten 0-0: Called Strike
0-1: Foul Ball, location: 2F
0-2: Ball
1-2: Strikes out swinging
Bottom of the 8th over - 1 run(s), 1 hit(s), 0 error(s), 1 left on base; Seattle 2 - Chula Vista 10
TOP OF THE 9TH
Seattle Rainiers batting - Pitching for Chula Vista Tacos : RHP Manuel Hernández
Now at 2B: Juan López
Batting: LHB Duane Lemay 0-0: Called Strike
0-1: Ball
1-1: Foul Ball, location: 2F
1-2: Strikes out looking
Batting: LHB Darren Cook 0-0: Ball
1-0: Foul Ball, location: 2F
1-1: Ball
2-1: Foul Ball, location: 2F
2-2: Ground out 4-3 (Groundball, 4S)
Batting: RHB John Eaves 0-0: Called Strike
0-1: Foul Ball, location: 2F
0-2: Ball
1-2: Ball
2-2: SINGLE (Line Drive, 8LS)
Batting: RHB Roberto Valentín 0-0: Swinging Strike
0-1: Ball
1-1: Foul Ball, location: 2F
1-2: Strikes out swinging
Top of the 9th over - 0 run(s), 1 hit(s), 0 error(s), 1 left on base; Seattle 2 - Chula Vista 10
Tuesday, August 8th, 2017 - OOTP Baseball 17.12 Build 75